Map: Whispers of Gold

Players

iPlayDefense

  • Race: Terran Terran
  • League: Silver
  • Spawn Location: 9:00

Mamerto - Winner!

  • Race: Protoss Protoss
  • League: Silver
  • Spawn Location: 5:00

VOD

Have the link to the VOD?

Description

Time

  • Played on: April 13, 2025, 7:17 p.m.
  • Length: 2:43
Show
View Real Time Build Order
Export as new Build Order

iPlayDefense Terran 

Build Orders:  

Get SALT Encoding   

  12  0:00  SCV  
  13  0:16  Supply Depot  
  13  0:34  SCV  
  14  0:38  Refinery  
  14  0:45  Barracks  
  14  0:46  SCV  
  15  0:59  Supply Depot  
  15  1:13  SCV  
  16  1:56  Orbital Command, Barracks Reactor  
  16  2:01  Command Center  
  16  2:22  SCV  
Show
View Real Time Build Order
Export as new Build Order

Mamerto Protoss - Winner!

Build Orders:  

Get SALT Encoding   

  12  0:01  Probe  
  13  0:19  Pylon, Probe  
  14  0:40  Forge  
  14  0:49  Pylon  
  14  0:58  Probe  
  14  0:59  Pylon  
  15  1:10  Probe  
  16  1:16  Gateway  
  16  1:18  Probe  
  17  1:26  Probe  
  18  1:37  Probe  
  19  1:42  Assimilator  
  19  1:46  Assimilator  
  19  1:49  Probe  
  20  2:04  Photon Cannon  
  20  2:05  Photon Cannon  
  20  2:17  Pylon  
  22  2:30  Pylon  
  22  2:34  Gateway  
Tags
 
Matchup
PvT
Replay Pack
DaveSC2
Spawn Locations
Cross Positions
Add a new tag
Caveats
  • Supply blocks, unpowered buildings, or Contaminate may cause inaccurate times.
  • Supply counts are checked every 10 seconds.